 Dungeon Crawl Stone Soup version 0.28.0 (webtiles) character file.

Game seed: 10353197356462641364

60 BeingJoeMalik the Slasher (level 3, -9/31 HPs)
             Began as a Draconian Fighter on Feb 15, 2022.
             Was an Initiate of Ashenzari.
             Killed from afar by a white imp (10 damage)
             ... with a puff of frost
             ... summoned by Natasha
             ... on level 2 of the Dungeon.
             The game lasted 00:05:42 (1656 turns).

BeingJoeMalik the Slasher (Draconian Fighter)       Turns: 1656, Time: 00:05:43

Health: -9/31      AC:  6    Str: 18    XL:     3   Next: 80%
Magic:  3/3        EV: 12    Int:  8    God:    Ashenzari [......]
Gold:   42         SH:  4    Dex: 12    Spells: 2/2 levels left

rFire   . . .      SeeInvis .   h - +8 arc blade {discharge, rElec}
rCold   . . .      Faith    .   b - +0 buckler of Ashenzari's Stickiness {Evo, Fort} (curse)
rNeg    . . .      Spirit   .   (armour unavailable)
rPois   .          Reflect  .   (helmet restricted)
rElec   +          Harm     .   (no cloak)
rCorr   .          Rampage  .   g - +0 pair of gloves
Will    +....                   (no boots)
Stlth   +.........              (no amulet)
HPRegen 0.10/turn               d - ring of willpower
MPRegen 0.08/turn               (no ring)

@: attractive
A: AC +5, unfitting armour, cold-blooded
a: Renounce Religion, Curse Item, Shatter the Chains


You were on level 2 of the Dungeon.
You worshipped Ashenzari.
Ashenzari was noncommittal.
You visited 1 branch of the dungeon, and saw 2 of its levels.

You collected 42 gold pieces.

Inventory:

Hand Weapons
 a - a +0 long sword
 h - the +8 arc blade (weapon) {discharge, rElec}
   (You found it on level 2 of the Dungeon)

   It occasionally unleashes powerful arcs of lightning upon striking a foe.
   These may arc to other adjacent creatures (including the wielder, but dealing
   reduced damage to them) before grounding out.
   rElec:     It insulates you from electricity.
Armour
 b - the cursed +0 buckler of Ashenzari's Stickiness (worn) {Evo, Fort}

   It has a curse which improves the following skills: Evocations: Evocations.
   Fortitude: Shields.
 g - a +0 pair of gloves (worn)
Jewellery
 d - a ring of willpower (left hand)
 i - a ring of fire
Scrolls
 e - a scroll of identify {unknown}
 j - a scroll of teleportation {unknown}
Potions
 c - a potion of might


   Skills:
 - Level 3.2 Fighting
 + Level 1.6(2.7) Short Blades
 - Level 3.4(3.6) Long Blades
 - Level 2.6 Dodging
 - Level 3.2(3.6) Shields


You had 2 spell levels left.
You didn't know any spells.
Your spell library contained the following spells:

 Spells                   Type           Power      Damage    Failure   Level
 Static Discharge         Conj/Air       0%         N/A       65%         2
 Dispel Undead            Necr           0%         3d6       99%         4
 Sticky Flame             Conj/Fire      0%         2d3       99%         4


Dungeon Overview and Level Annotations

Branches:
Dungeon (2/15)

Altars:
Ashenzari

Shops:
D:2 :

Annotations:
D:2 Natasha


Innate Abilities, Weirdness & Mutations

Your plain brown scales are hard. (AC +5)
You cannot fit into any form of body armour.
You are cold-blooded and may be slowed by cold attacks.


Message History

A frilled lizard comes into view.
The frilled lizard hisses angrily.
The frilled lizard barely misses you.
You miss the frilled lizard. The frilled lizard barely misses you.
You closely miss the frilled lizard. The frilled lizard closely misses you.
You puncture the frilled lizard!
You kill the frilled lizard!
Natasha, Servant of Life and Death comes into view.
She is carrying a wand of digging (1).
Natasha hisses angrily.
Natasha casts a spell.
You block Natasha's attack.
You closely miss Natasha. You tail-slap Natasha.
Natasha is lightly wounded.
The white imp gestures at you. The puff of frost hits you!
Natasha closely misses you.
You closely miss Natasha.
Natasha is lightly wounded.
The white imp hits you but does no damage.
Natasha barely misses you.
You hit Natasha.
Natasha is heavily wounded.
The white imp hits you. The white imp freezes you.
Natasha claws you but does no damage.
You barely miss Natasha.
Natasha is heavily wounded.
The white imp gestures at you. The puff of frost hits you.
Natasha barely misses you.
You barely miss Natasha.
Natasha is heavily wounded.
The white imp gestures at you. The puff of frost hits you!
* * * LOW HITPOINT WARNING * * *
Natasha claws you.
* * * LOW HITPOINT WARNING * * *
You aren't carrying any items that you can evoke.
It was a potion of attraction.
You feel attractive to monsters. The white imp gestures at you.
The puff of frost hits you!
You die...

#.#.....# ######...#
#....†..# #...#
#..#'#..# #...#
#..#.≈.## #...#
####.≈≈# #...#
.+..∩..+ .######...#
.#≈≈.###...........#
...≈.####.######..##
####'#.##.# #@.#
#...##.# #h5#
##..##.# #..#
#..##.# #..# ##.##.#
#..#
####.##.######..#
+...............#
..####[.#########.#
........##


You could see Natasha and a white imp (summoned).

Vanquished Creatures
  4 worms (D:2)
  3 dart slugs
  4 bats (D:1)
  2 endoplasms
  A giant cockroach (D:2)
  4 goblins
  4 hobgoblins
  5 ball pythons
  A frilled lizard (D:2)
  6 kobolds
  6 rats
40 creatures vanquished.

Notes
Turn   | Place    | Note
-------+----------+-------------------------------------------
     0 | D:1      | BeingJoeMalik the Draconian Fighter began the quest for the
                  | Orb.
     0 | D:1      | Reached XP level 1. HP: 19/19 MP: 1/1
    96 | D:1      | Found a faded altar of an unknown god.
   104 | D:1      | Prayed at the altar of an unknown god.
   104 | D:1      | Became a worshipper of Ashenzari the Shackled
   177 | D:1      | Reached XP level 2. HP: 23/26 MP: 2/2
  1022 | D:2      | Reached XP level 3. HP: 14/31 MP: 3/3
  1212 | D:2      | Found the +8 arc blade {discharge, rElec}
  1352 | D:2      | Reached skill level 1 in Short Blades
  1418 | D:2      | Found Buklem's Book Emporium.
  1647 | D:2      | Noticed Natasha
  1655 | D:2      | HP: 1/31 [Natasha (3)]
  1656 | D:2      | Killed from afar by a white imp

Illustrated notes

Levels and vault maps discovered:
D:1:      lemuel_arrival_rhombus, layout_loops_ring,
          hellmonk_ecumenical_altar_crossroads, minmay_misc_feat_iff
D:2:      layout_basic, serial_shops, nicolae_shop_hallway_plus, st_stairs_6,
          uniq_natasha

Skill      XL: |  1  2  3 |
---------------+----------+-----
Long Blades    | 3 |  3.4
Short Blades   | 1 |  1.6
Fighting       | |  3.2
Dodging        | |  2.6
Shields        | |  3.2

Action                   || total
-------------------------++-------
Melee: Long sword        ||    85
       Tailslap          ||    12
       Rapier            ||    31
Invok: Curse Item        ||     1
  Use: Potion            ||     1
 Stab: Distracted        ||     1
Armor: Skin              ||    39
Dodge: Dodged            ||    58
Block: Buckler           ||    31
